 Dungeon Crawl Stone Soup version 0.31-a0-859-g9dce7d3444 (webtiles) character file.

Game seed: 645057278765402673

74 Kurtz the Sneak (level 4, -5/42 HPs)
             Began as a Naga Delver on Oct 9, 2023.
             Slain by a gnoll
             ... wielding a +0 flail
              (12 damage)
             ... on level 2 of the Dungeon.
             The game lasted 00:01:58 (1303 turns).

Kurtz the Sneak (Naga Delver)                       Turns: 1303, Time: 00:01:59

Health: -5/42      AC:  3    Str: 14    XL:     4   Next: 30%
Magic:  4/4        EV:  9    Int: 10    God:
Gold:   131        SH:  0    Dex: 15    Spells: 3/3 levels left

rFire   . . .        i - +0 war axe
rCold   . . .        (no shield)
rNeg    . . .        b - +0 leather armour
rPois   +            h - +0 helmet
rElec   .            (no cloak)
rCorr   .            (no gloves)
SInv    +            (no barding)
Will    .....        j - amulet of regeneration
Stlth   +++          (no ring)
HPRegen 1.07/turn    (no ring)
MPRegen 0.09/turn

%: no passive effects
@: very slow
A: AC +1, large, see invisible, deformed body, poison resistance, slowness 2,
spit poison 1, naga tail 1
a: Spit Poison


You were on level 2 of the Dungeon.
You visited 1 branch of the dungeon, and saw 5 of its levels.

You collected 131 gold pieces.

Inventory:

Hand Weapons
 a - a +0 hand axe
 i - a +0 war axe (weapon)
Armour
 b - a +0 leather armour (worn)
 h - a +0 helmet (worn)
Jewellery
 j - an amulet of regeneration (around neck)
Wands
 g - a wand of digging (3)
Scrolls
 c - a scroll of fog
 d - 2 scrolls of revelation
 k - a scroll of enchant armour {unknown}
 m - 4 scrolls of identify {unknown}
 n - a scroll of torment {unknown}
 o - a scroll of vulnerability {unknown}
 p - 2 scrolls of silence {unknown}
Potions
 f - a potion of haste
 l - 3 potions of curing {unknown}
 q - a potion of berserk rage {unknown}
 r - a potion of brilliance {unknown}


   Skills:
 - Level 3.0 Fighting
 * Level 4.4 Axes
 - Level 1.5 Dodging
 - Level 7.2 Stealth


You had 3 spell levels left.
You didn't know any spells.
Your spell library was empty.

Dungeon Overview and Level Annotations

Branches:
Dungeon (5/15)
 Temple: D:4-7

Altars:
Ru


Innate Abilities, Weirdness & Mutations

Your serpentine skin is tough. (AC +1)
You have supernaturally acute eyesight. (SInv)
Armour fits poorly on your strangely shaped body.
Your system is resistant to poisons. (rPois)
You cover ground very slowly.
You can spit poison.
You have a snake-like lower body.


Message History

You barely miss the worm.
The worm is lightly wounded.
The worm misses you.
You slash the worm!
The worm is heavily wounded.
The worm barely misses you.
You slash the worm!
The worm is severely wounded.
You hit the worm.
The worm is almost dead.
The worm bites you but does no damage.
You hit the worm.
You kill the worm!
No target in view!
You now have 131 gold pieces (gained 10).
A gnoll comes into view. It is wielding a +0 flail.
Found 7 gold pieces.
Found an escape hatch in the ceiling.
A gnoll is nearby!
A gnoll comes into view. It is wielding a +0 halberd.
Found 4 curare-tipped darts.
The gnoll shouts! x2
A gnoll comes into view.
It is wielding a +1 flail of protection.
There are monsters nearby!
The gnoll hits you from afar with a +0 halberd!
You barely miss the gnoll. You hit the gnoll.
The gnoll hits you from afar with a +0 halberd!
The gnoll barely misses you. The gnoll hits you with a +0 flail!
There are monsters nearby!
You are too injured to fight recklessly!
You are too injured to fight recklessly!
Unknown command.
As you read the scroll of fear, it crumbles to dust.
You assume a fearsome visage.
The gnoll resists with some effort.
The gnoll looks frightened! x2; The gnoll hits you with a +0 flail!
* * * LOW HITPOINT WARNING * * *
The gnoll cowers, then darts away.
You hit the gnoll.
The gnoll is heavily wounded.
The gnoll completely misses you. The gnoll hits you with a +0 flail!
You die...

.#.####.# .#......#
..####### .# ..#
####.#### ..#
####.......#
..###.......##.# ######
.......#.......# .(...#
.......#.......###....$#
..........##....@g...g.#
.........##..#.###.....#
..........#....# .....#
..#.#...#....### ...g<..
÷.#.##.[##..## .#####.
÷.#.##.##...).. .#
..#.##....#(##.# .#
...[.###..... # .#
...#.# #.##...


You could see 3 gnolls.

Vanquished Creatures
  2 adders (D:2)
  3 worms (D:2)
  2 dart slugs
  6 ball pythons
  5 bats
  5 endoplasms
  4 giant cockroaches
  4 goblins
  2 hobgoblins
  A kobold (D:1)
  3 quokkas
  2 frilled lizards (D:1)
  2 rats (D:1)
41 creatures vanquished.

Notes
Turn   | Place    | Note
-------+----------+-------------------------------------------
     0 | D:5      | Kurtz the Naga Delver began the quest for the Orb.
     0 | D:5      | Reached XP level 1. HP: 21/21 MP: 1/1
   175 | D:2      | Found a sacrificial altar of Ru.
   225 | D:2      | Reached XP level 2. HP: 28/28 MP: 2/2
   298 | D:2      | Reached XP level 3. HP: 32/34 MP: 3/3
   690 | D:1      | Reached XP level 4. HP: 42/42 MP: 4/4
  1303 | D:2      | Slain by a gnoll

Illustrated notes

Levels and vault maps discovered:
D:1:      minmay_arrival_loop, layout_loops_ring, minmay_misc_feat_x
D:2:      layout_loops_cross, basic_altar, grunt_ministairs_12,
          minmay_pentomino_r2
D:3:      layout_basic, basic_ecumenical_altar, serial_bayou_pond_b
D:4:      layout_rooms, nicolae_uskayaw_suspiria,
          nicolae_elyvilon_peaceful_grove, chequers_serial_rivers_small_b,
          uniq_edmund, uniq_sigmund, uniq_crazy_yiuf_cottage
D:5:      layout_loops_cross, serial_bayou_lake_a, uniq_blork_the_orc

Skill      XL: |  1  2  3 |
---------------+----------+-----
Axes           | 3 4 |  4.4
Fighting       | |  3.0
Dodging        | |  1.5
Stealth        | |  7.2

Action                     |  1- 3 |  4- 6 || total
---------------------------+-------+-------++-------
  Melee: Hand axe          |     8 |       ||     8
         War axe           |    69 |    29 ||    98
Ability: Spit Poison       |     4 |       ||     4
    Use: Scroll            |       |     1 ||     1
   Stab: Sleeping          |    10 |     6 ||    16
 Armour: Leather armour    |    46 |    22 ||    68
  Dodge: Dodged            |    34 |    11 ||    45

Table legend: (Time is in decaauts)
 A = Elapsed time spent in this place.
 B = Non-inter-level travel time spent in this place.
 C = Inter-level travel time spent in this place.
 D = Time resting spent in this place.
 E = Time spent auto-exploring this place.
 F = Levels seen in this place.
 G = Mean time per level.
                   A        B        C        D        E       F      G
               +--------+--------+--------+--------+--------+-----+--------+
         Total |   1761 |   1683 |     78 |     57 |   1080 |   5 |  352.2 |
       Dungeon |   1761 |   1683 |     78 |     57 |   1080 |   5 |  352.2 |
               +--------+--------+--------+--------+--------+-----+--------+

Top non-repeatable levels by time:
     D:1: 944 daAuts
     D:2: 590 daAuts
     D:5: 82 daAuts
     D:4: 73 daAuts
     D:3: 69 daAuts
